 Dungeon Crawl Stone Soup version 0.31-a0-1074-g0b22e4e0f1 (webtiles) character file.

Game seed: 15963973897876945581

4017 grandjackal the Fighter (level 10, 0/80 HPs)
             Began as a Demonspawn Gladiator on Nov 29, 2023.
             Was a Believer of Makhleb.
             Killed from afar by Erica (19 damage)
             ... with a bolt of poison
             ... on level 8 of the Dungeon on Nov 30, 2023.
             The game lasted 00:07:37 (8309 turns).

grandjackal the Fighter (Demonspawn Gladiator)      Turns: 8309, Time: 00:07:37

Health: 0/80       AC: 16    Str: 24    XL:     10   Next: 3%
Magic:  13/15      EV:  7    Int: 10    God:    Makhleb [**....]
Gold:   351        SH:  0    Dex: 15    Spells: 9/9 levels left

rFire   . . .        i - +2 battleaxe
rCold   . . .        (shield currently unavailable)
rNeg    . . .        q - +0 chain mail
rPois   .            c - +0 helmet
rElec   .            k - +0 cloak
rCorr   .            n - +0 pair of gloves {infuse}
SInv    .            (no boots)
Will    .....        (no amulet) Stlth
                     p - +6 ring of strength
HPRegen 0.33/turn    (no ring)
MPRegen 0.14/turn

%: infuse magic (1 MP)
@: lethally poisoned (0 -> -12), slowed, constricted, very slow
A: hooves 2, thin metallic scales 1, ignite blood 1
a: Renounce Religion, Minor Destruction


You were on level 8 of the Dungeon.
You worshipped Makhleb.
Makhleb was pleased with you.
You visited 2 branches of the dungeon, and saw 9 of its levels.

You collected 351 gold pieces.

Inventory:

Hand Weapons
 a - a +0 war axe
 i - a +2 battleaxe (weapon)
 z - a +5 morningstar of freezing
Missiles
 d - 3 throwing nets (quivered)
 e - a javelin
 A - a curare-tipped dart
Armour
 b - a +0 leather armour
 c - a +0 helmet (worn)
 k - a +0 cloak (worn)
 n - a +0 pair of gloves of infusion (worn)
 q - a +0 chain mail (worn)
Jewellery
 p - a +6 ring of strength (left hand)
 B - an amulet of guardian spirit
Wands
 o - a wand of mindburst (8)
 u - a wand of flame (26)
Scrolls
 f - 2 scrolls of noise {unknown}
 g - 5 scrolls of identify {unknown}
 h - 7 scrolls of teleportation {unknown}
 m - 2 scrolls of fear {unknown}
 s - 2 scrolls of fog {unknown}
 w - a scroll of amnesia {unknown}
 x - a scroll of immolation {unknown}
 y - a scroll of enchant armour {unknown}
 C - a scroll of poison {unknown}
 E - a scroll of enchant weapon {unknown}
Potions
 j - a potion of enlightenment
 l - 2 potions of heal wounds
 r - a potion of lignification
 t - a potion of curing
 v - 2 potions of invisibility {unknown}
 D - a potion of might {unknown}
 F - 3 potions of haste {unknown}


   Skills:
 + Level 8.0 Fighting
 + Level 7.6 Axes
 - Level 2.0 Throwing
 + Level 6.2 Armour
 - Level 3.0 Dodging
 + Level 7.9 Invocations


You had 9 spell levels left.
You didn't know any spells.
Your spell library contained the following spells:

 Spells                   Type           Power      Damage    Failure   Level
 Apportation              Tloc           0%         N/A       88%         1
 Necrotise                Necr           0%         1d4       88%         1
 Summon Small Mammal      Summ           0%         N/A       88%         1
 Ensorcelled Hibernation  Hex/Ice        0%         N/A       96%         2
 Jinxbite                 Hex            0%         N/A       96%         2
 Passwall                 Tmut/Erth      0%         N/A       96%         2
 Summon Guardian Golem    Hex/Summ       0%         N/A       99%         3
 Swiftness                Air            0%         N/A       99%         3
 Anguish                  Hex/Necr       0%         N/A       100%        4
 Orb of Destruction       Conj           0%         9d5       100%        7
 Spellforged Servitor     Conj/Summ      0%         N/A       100%        7


Dungeon Overview and Level Annotations

Branches:
Dungeon (8/15)             Temple (1/1) D:6
   Lair: D:8-11

Altars:
Ashenzari
Cheibriados
Fedhas
Gozag
Hepliaklqana
Kikubaaqudgha
Makhleb
Nemelex Xobeh
Okawaru
Qazlal
Ru
Sif Muna
Trog
Uskayaw
Vehumet
Wu Jian
Xom
Yredelemnul

Annotations:
D:8 Erica


Innate Abilities, Weirdness & Mutations

You have hoof-like feet.
You are partially covered in thin metallic scales. (AC +2)
Your demonic aura sometimes causes spilled blood to erupt in flames.


Message History

Erica is moderately wounded.
Erica hits you with a +3 scimitar of flaming.
Erica burns you. Erica constricts you. Erica hits you but does no damage.
Erica constricts you.
You closely miss Erica.
Erica is moderately wounded.
Erica hits you with a +3 scimitar of flaming.
Erica burns you. Erica constricts you. Erica closely misses you.
Erica constricts you.
Unknown command.
You slice Erica!!
Erica is severely wounded.
Erica hits you with a +3 scimitar of flaming!
Erica burns you. Erica constricts you.
Erica hits you with a +3 scimitar of flaming.
Erica burns you. Erica constricts you.
You hit Erica.
Erica is severely wounded.
Erica hits you but does no damage. Erica constricts you.
Erica stares at you and mumbles some strange words.
You feel as though you will be slow longer.
Erica constricts you.
Unknown command.
You miss Erica. Your kick misses Erica.
Erica is severely wounded.
Erica hits you but does no damage. Erica constricts you.
Erica hits you with a +3 scimitar of flaming!
* * * LOW HITPOINT WARNING * * *
Erica burns you.
* * * LOW HITPOINT WARNING * * *
Erica constricts you.
Aiming: Mindburst
Press: ? - help, Shift-Dir - straight line, f - Erica
Aim: Erica, wielding a +3 scimitar of flaming, wearing a +5 ring of evasion and carrying a wand of roots (severely wounded, constricting you, chance to affect: 29%) Erica easily resists.
Erica stares at you and mumbles some strange words.
The bolt of poison hits you!!
You are poisoned.
You die...
Erica begins burbling mirthfully and uncontrollably.

..........
...........
..........###
............#
............###
..............#
.>.#...x......#.
.......#@.......
##..............
.#...............
#..........####.##
.#...........# ....
#............##....#
#...............#
...
#......<........#
....
.............(.#
#..#####


You could see Erica.

Vanquished Creatures
  A two-headed ogre (D:8)
  An ugly thing (D:7)
  A wyvern (D:7)
  2 orc warriors
  A sky beast (D:7)
  4 ice beasts
  A black bear (D:6)
  2 centaurs (D:7)
  A phantom (D:5)
  3 kobold brigands
  A gnoll sergeant (D:8)
  2 scorpions
  15 wights
  2 howler monkeys (D:7)
  A hound (D:6)
  2 orc priests (D:6)
  A gnoll bouda (D:7)
  4 iguanas
  8 orc wizards
  Ijyb (D:5)
  11 gnolls
  6 adders
  A white imp (D:8)
  An ufetubus (D:7)
  A dart slug (D:2)
  23 orcs
  6 endoplasms
  3 giant cockroaches (D:1)
  8 goblins
  5 hobgoblins
  4 jackals (D:1)
  5 quokkas
  6 ball pythons
  6 bats
  A frilled lizard (D:3)
  22 kobolds
  A rat (D:3)
164 creatures vanquished.

Notes
Turn   | Place    | Note
-------+----------+-------------------------------------------
     0 | D:1      | grandjackal the Demonspawn Gladiator began the quest for
                  | the Orb.
     0 | D:1      | Reached XP level 1. HP: 16/16 MP: 1/1
   168 | D:1      | Gained mutation: You have large cloven feet. [demonic
                  | ancestry]
   168 | D:1      | Reached XP level 2. HP: 16/22 MP: 2/2
   765 | D:2      | Reached XP level 3. HP: 25/28 MP: 3/3
   976 | D:2      | Identified the +10 sling of Eternal Night {antimagic, rElec
                  | Str+3}
  1229 | D:2      | Reached skill level 3 in Fighting
  1873 | D:3      | Found a faded altar of an unknown god.
  1942 | D:3      | Reached XP level 4. HP: 35/35 MP: 0/4
  2342 | D:3      | Gained mutation: You have hoof-like feet. [demonic
                  | ancestry]
  2342 | D:3      | Reached XP level 5. HP: 42/42 MP: 3/5
  4065 | D:5      | Entered Level 5 of the Dungeon
  4069 | D:5      | Reached skill level 4 in Fighting
  4069 | D:5      | Reached skill level 1 in Armour
  4277 | D:5      | Reached XP level 6. HP: 28/49 MP: 0/6
  4485 | D:5      | Noticed Ijyb
  4500 | D:5      | Killed Ijyb
  5003 | D:6      | Reached XP level 7. HP: 55/55 MP: 4/7
  5119 | D:6      | Reached skill level 5 in Fighting
  5119 | D:6      | Reached skill level 5 in Axes
  5331 | D:6      | Found a staircase to the Ecumenical Temple.
  5337 | Temple   | Entered the Ecumenical Temple
  5411 | Temple   | Became a worshipper of Makhleb the Destroyer
  5570 | D:6      | Reached skill level 1 in Invocations
  6101 | D:6      | Gained mutation: You are partially covered in thin metallic
                  | scales. (AC +2) [demonic ancestry]
  6101 | D:6      | Reached XP level 8. HP: 48/64 MP: 5/10
  6471 | D:7      | Found an iron altar of Okawaru.
  6575 | D:7      | Reached * piety under Makhleb
  6651 | D:7      | Reached skill level 6 in Fighting
  6933 | D:7      | Reached skill level 5 in Invocations
  7157 | D:7      | Found a broken altar of Ashenzari.
  7263 | D:7      | Found a stormy altar of Qazlal.
  7280 | D:7      | Noticed a white ugly thing
  7292 | D:7      | Killed a white ugly thing
  7293 | D:7      | Reached skill level 5 in Armour
  7293 | D:7      | Gained mutation: Your demonic aura sometimes causes spilled
                  | blood to erupt in flames. [demonic ancestry]
  7293 | D:7      | Reached XP level 9. HP: 64/71 MP: 7/13
  7396 | D:7      | Reached skill level 7 in Fighting
  7950 | D:8      | Noticed a two-headed ogre
  7960 | D:8      | Killed a two-headed ogre
  7960 | D:8      | Reached ** piety under Makhleb
  8163 | D:8      | Reached skill level 8 in Fighting
  8163 | D:8      | Reached XP level 10. HP: 78/80 MP: 9/15
  8298 | D:8      | Noticed Erica
  8309 | D:8      | Killed from afar by Erica

Illustrated notes

Levels and vault maps discovered:
D:1:      dpeg_arrival_simpleton_b, layout_basic
D:2:      layout_basic, kennysheep_small_spiral, minivault_23
D:3:      layout_basic, shapermc_ecumenical_altar_notcrosses
D:4:      layout_basic
D:5:      layout_rooms, serial_library, serial_library_hellmonk_room_c,
          serial_library_regret_index_double_sided,
          serial_library_hellmonk_room_b, serial_library_hellmonk_h_bend,
          serial_library_hellmonk_statue_hall,
          serial_library_hellmonk_layered_room,
          serial_library_hellmonk_layered_room,
          serial_library_hellmonk_angled_corner, uniq_ijyb
D:6:      layout_basic, minmay_temple_entry_enclosed_plants,
          nicolae_hexahallways
D:7:      minmay_the_grid_square_5x5_3x3 [minmay_the_grid_square_5x5_forky,
          minmay_the_grid_square_5x5_almost_minimal,
          minmay_the_grid_square_5x5_three_small, minmay_the_grid_square_5x5_c,
          minmay_the_grid_square_5x5_megaprize_hollow,
          minmay_the_grid_square_5x5_misaligned,
          minmay_the_grid_square_5x5_inner_z,
          minmay_the_grid_square_5x5_sharp_hourglass,
          minmay_the_grid_square_5x5_fat_x], layout_gridville,
          evilmike_ruin_ashenzari, mainiacjoe_overflow_catwalk,
          kennysheep_mini_moat, elyvilon_altar_5, grunt_decor_mini_mirrors
D:8:      layout_cave_pools, uniq_erica, uniq_psyche, uniq_maurice
Temple:   minmay_temple_bridge_d

Skill      XL: |  1  2  3  4  5  6  7  8  9 |
---------------+----------------------------+-----
Throwing       | 2 |  2.0
Dodging        | 3 |  3.0
Axes           | 3 4 5 6 7 |  7.6
Fighting       | 3 4 5 6 8 |  8.0
Armour         | 1 2 3 5 6 |  6.2
Invocations    | 3 5 7 |  7.9

Action                     |  1- 3 |  4- 6 |  7- 9 | 10-12 || total
---------------------------+-------+-------+-------+-------++-------
  Melee: War axe           |   122 |    98 |       |       ||   220
         Kick              |    17 |    22 |    43 |     1 ||    83
         Battleaxe         |       |     6 |   178 |    15 ||   199
         Punch             |       |     1 |       |       ||     1
  Evoke: Wand              |       |       |     7 |     1 ||     8
    Use: Potion            |       |       |     5 |       ||     5
   Stab: Distracted        |     1 |       |       |       ||     1
         Sleeping          |     1 |       |       |       ||     1
 Armour: Leather armour    |    74 |    15 |       |       ||    89
         Chain mail        |       |    41 |   201 |    16 ||   258
         Skin              |       |       |    87 |       ||    87
  Dodge: Dodged            |   115 |    61 |   114 |     7 ||   297

Table legend: (Time is in decaauts)
 A = Elapsed time spent in this place.
 B = Non-inter-level travel time spent in this place.
 C = Inter-level travel time spent in this place.
 D = Time resting spent in this place.
 E = Time spent auto-exploring this place.
 F = Levels seen in this place.
 G = Mean time per level.
                   A        B        C        D        E       F      G
               +--------+--------+--------+--------+--------+-----+--------+
         Total |   8469 |   8125 |    344 |    891 |   6098 |   9 |  941.0 |
       Dungeon |   8321 |   8115 |    206 |    891 |   6098 |   8 | 1040.1 |
        Temple |    147 |      9 |    138 |      0 |      0 |   1 |  147.0 |
               +--------+--------+--------+--------+--------+-----+--------+

Top non-repeatable levels by time:
     D:7: 1491 daAuts
     D:6: 1384 daAuts
     D:3: 1272 daAuts
     D:2: 1095 daAuts
     D:4: 1010 daAuts
     D:5: 850 daAuts
     D:1: 745 daAuts
     D:8: 469 daAuts
  Temple: 147 daAuts
